 Dungeon Crawl Stone Soup version 0.31-a0-40-g1d5085d191 (webtiles) character file.

Game seed: 1189193523425888305

3364 frimble the Carver (level 10, 0/66 (77) HPs)
             Began as a Gnoll Reaver on May 17, 2023.
             Was a Believer of Cheibriados.
             Slain by a wight
             ... wielding a +3 hand axe of freezing
              (1 damage)
             ... on level 7 of the Dungeon.
             The game lasted 00:08:29 (7162 turns).

frimble the Carver (Gnoll Reaver)                   Turns: 7162, Time: 00:08:29

HP:   0/66 (77)     AC: 11    Str: 17    XL:     10   Next: 3%
MP:   18/20         EV: 15    Int: 22    God:    Cheibriados [**....]
Gold: 148           SH:  0    Dex: 15    Spells: 19/23 levels left

rFire   . . .        l - +7 morningstar
rCold   + . .        (no shield)
rNeg    . . .        b - +0 leather armour
rPois   +            x - +0 helmet "Ogudwew" {rC+}
rElec   .            (no cloak)
rCorr   .            o - +2 pair of gloves
SInv    .            A - +2 pair of boots
Will    .....        (no amulet)
Stlth   +++          y - ring of poison resistance
HPRegen 0.31/turn    (no ring)
MPRegen 0.17/turn

%: no passive effects
@: heavily drained, very slow
A: fangs 1, strong nose, distributed training
a: Renounce Religion, Bend Time


You were on level 7 of the Dungeon.
You worshipped Cheibriados.
Cheibriados was pleased with you.
You visited 2 branches of the dungeon, and saw 8 of its levels.

You collected 456 gold pieces.
You spent 308 gold pieces at shops.

Inventory:

Hand Weapons
 a - a +1 falchion of freezing
 h - the +12 whip of the Spider {flame, Will+}
   (You found it on level 5 of the Dungeon)

   Will:      It increases your willpower.
 l - a +7 morningstar (weapon)
 B - a +3 scimitar
Missiles
 m - 4 javelins
 C - a throwing net
Armour
 b - a +0 leather armour (worn)
 o - a +2 pair of gloves (worn)
 x - the +0 helmet "Ogudwew" (worn) {rC+}
   (You took it off Robin on level 4 of the Dungeon)

   rC:        It protects you from cold.
 A - a +2 pair of boots (worn)
Jewellery
 y - a ring of poison resistance (left hand)
Wands
 z - a wand of polymorph (8)
Scrolls
 e - a scroll of blinking
 j - 2 scrolls of amnesia
 k - a scroll of fear
 n - 2 scrolls of identify
 p - a scroll of butterflies
 q - a scroll of enchant weapon
 r - a scroll of enchant armour
 s - 2 scrolls of teleportation
 D - a scroll of magic mapping {unknown}
Potions
 c - 5 potions of heal wounds
 d - 3 potions of degeneration {unknown}
 f - a potion of ambrosia {unknown}
 g - 2 potions of might {unknown}
 i - a potion of attraction {unknown}
 t - 3 potions of curing
 u - a potion of brilliance {unknown}
 v - a potion of invisibility {unknown}
 w - 2 potions of lignification {unknown}


   Skills:
 + Level 6.9 Fighting
 + Level 5.0 Short Blades
 + Level 8.3 Long Blades
 + Level 5.0 Axes
 + Level 5.0 Maces & Flails
 + Level 5.0 Polearms
 + Level 5.0 Staves
 + Level 5.0 Ranged Weapons
 + Level 5.0 Throwing
 + Level 5.0 Armour
 + Level 6.9 Dodging
 + Level 5.0 Stealth
 + Level 5.0 Shields
 + Level 5.0 Unarmed Combat
 + Level 7.2 Spellcasting
 + Level 6.9 Conjurations
 + Level 4.1 Hexes
 + Level 4.1 Summonings
 + Level 4.1 Necromancy
 + Level 4.1 Translocations
 + Level 4.1 Transmutations
 + Level 4.1 Fire Magic
 + Level 4.1 Ice Magic
 + Level 4.1 Air Magic
 + Level 4.1 Earth Magic
 + Level 4.1 Poison Magic
 + Level 5.5 Invocations
 + Level 5.0 Evocations


You had 19 spell levels left.
You knew the following spells:

 Your Spells              Type           Power      Damage    Failure   Level
a - Kiss of Death         Conj/Necr      100%       2d13      1%          1
b - Hailstorm             Conj/Ice       32%        3d8       3%          3

Your spell library contained the following spells:

 Spells                   Type           Power      Damage    Failure   Level
 Magic Dart               Conj           100%       1d8       1%          1
 Necrotise                Necr           100%       1d9       1%          1
 Momentum Strike          Conj/Tloc      64%        3d9       1%          2
 Call Imp                 Summ           52%        N/A       2%          2
 Mephitic Cloud           Conj/Pois/Air  30%        N/A       3%          3
 Gell's Gravitas          Tloc           26%        N/A       5%          3
 Teleport Other           Tloc           26%        N/A       5%          3
 Vampiric Draining        Necr           26%        2d7       5%          3
 Agony                    Necr           26%        N/A       43%         5
 Dispersal                Tloc           13%        N/A       95%         6


Dungeon Overview and Level Annotations

Branches:
Dungeon (7/15)             Temple (1/1) D:5

Altars:
Ashenzari
Cheibriados
Fedhas
Hepliaklqana
Kikubaaqudgha
Makhleb
Nemelex Xobeh
Okawaru
Qazlal
Ru
Sif Muna
Trog
Uskayaw
Vehumet
Wu Jian
Yredelemnul
The Shining One

Shops:
D:4 !   D:6 *

Annotations:
D:7 1 transporter, bchevrier's ghost, novice GnWn


Innate Abilities, Weirdness & Mutations

You have very sharp teeth.
Your uncanny sense of smell can sniff out nearby items.
Your experience applies equally to all skills.


Message History

Casting: Hailstorm (dangerous; 3% risk of failure)
Confirm with . or Enter, or press ? or * to list all spells.
Casting: Hailstorm (dangerous; 3% risk of failure)
Press: ? - help, Dir - look around, f - activate A cannonade of hail descends around you!
The hail pelts the wight!
The wight partially resists.
The wight is heavily damaged.
The hail pelts the wight.
The wight partially resists.
The wight is lightly damaged.
The wight hits you with a +3 halberd!
You feel drained. The wight barely misses you.
You bludgeon the wight!!
You destroy the wight!
Cheibriados appreciates the change of pace.
The wight hits you from afar with a +4 halberd!
You completely miss the wight.
The wight is lightly damaged.
The wight misses you.
The wight hits you from afar with a +4 halberd!
You feel drained.
You barely miss the wight.
The wight is lightly damaged.
The wight hits you but does no damage. The wight closely misses you.
You hit the wight.
The wight is moderately damaged.
The wight hits you from afar with a +4 halberd!
You feel drained. The wight closely misses you.
The wight hits you but does no damage.
The wight hits you from afar with a +4 halberd!
* * * LOW HITPOINT WARNING * * *
You feel drained.
* * * LOW HITPOINT WARNING * * *
You barely miss the wight.
The wight is moderately damaged.
The wight hits you with a +3 hand axe of freezing!
* * * LOW HITPOINT WARNING * * *
You feel drained.
* * * LOW HITPOINT WARNING * * *
The wight freezes you.
You die...

....#..#...# .#
.......##### ###z.
...#(....... .....
...#........ ## ##
.... ...#.........#.
(# #..#
...#.........#.♣.##..#
...#........##...#..#
..##........# #.##.#
.....#...... #.@zz##
.#.....>#... ####..#
.#....#.#... ##..#
....### .. # ##...##
...## ....###..#..#
...## ..#......###.#
.#).## .#.>....# #.#
.##..# ##........#
#.###
.###.###)........#
#...#


You could see 2 wights.

Vanquished Creatures
  A water moccasin (D:5)
  An orc warrior (D:5)
  3 ice beasts
  4 ogres
  2 sky beasts (D:6)
  2 centaurs
  A phantom (D:4)
  2 kobold brigands
  4 scorpions
  A gnoll sergeant (D:7)
  11 wights
  A killer bee (D:5)
  7 hounds
  2 gnoll boudas (D:7)
  An orc priest (D:3)
  6 jellies
  2 iguanas
  3 orc wizards
  Robin (D:4)
  17 gnolls (D:7)
  12 adders
  A shadow imp (D:6)
  3 white imps (D:5)
  3 ufetubi
  5 worms
  A dart slug (D:5)
  24 orcs
  7 endoplasms
  2 giant cockroaches
  14 goblins
  14 hobgoblins
  6 jackals
  5 quokkas
  10 ball pythons
  4 bats
  5 frilled lizards
  19 kobolds
  3 rats
210 creatures vanquished.

Notes
Turn   | Place    | Note
-------+----------+-------------------------------------------
     0 | D:1      | frimble the Gnoll Reaver began the quest for the Orb.
     0 | D:1      | Reached XP level 1. HP: 20/20 MP: 6/6
    76 | D:1      | Reached XP level 2. HP: 13/26 MP: 7/7
   407 | D:1      | Reached skill level 5 in Spellcasting
   407 | D:1      | Reached XP level 3. HP: 25/31 MP: 7/9
   607 | D:2      | Reached skill level 1 in Invocations
   641 | D:2      | Found a faded altar of an unknown god.
   693 | D:2      | Learned a level 3 spell: Hailstorm
   804 | D:2      | Reached skill level 1 in Short Blades
   804 | D:2      | Reached skill level 1 in Axes
   804 | D:2      | Reached skill level 1 in Maces & Flails
   804 | D:2      | Reached skill level 1 in Polearms
   804 | D:2      | Reached skill level 1 in Staves
   804 | D:2      | Reached skill level 1 in Ranged Weapons
   804 | D:2      | Reached skill level 1 in Throwing
   804 | D:2      | Reached skill level 1 in Armour
   804 | D:2      | Reached skill level 1 in Stealth
   804 | D:2      | Reached skill level 1 in Shields
   804 | D:2      | Reached skill level 1 in Unarmed Combat
   804 | D:2      | Reached skill level 1 in Evocations
  1211 | D:2      | Reached XP level 4. HP: 31/33 MP: 11/11
  1598 | D:3      | Reached skill level 1 in Hexes
  1598 | D:3      | Reached skill level 1 in Summonings
  1598 | D:3      | Reached skill level 1 in Necromancy
  1598 | D:3      | Reached skill level 1 in Translocations
  1598 | D:3      | Reached skill level 1 in Transmutations
  1598 | D:3      | Reached skill level 1 in Fire Magic
  1598 | D:3      | Reached skill level 1 in Ice Magic
  1598 | D:3      | Reached skill level 1 in Air Magic
  1598 | D:3      | Reached skill level 1 in Earth Magic
  1598 | D:3      | Reached skill level 1 in Poison Magic
  1968 | D:3      | Reached XP level 5. HP: 37/39 MP: 12/12
  2686 | D:4      | Reached XP level 6. HP: 38/45 MP: 5/13
  2905 | D:4      | Reached skill level 5 in Fighting
  2905 | D:4      | Reached skill level 5 in Dodging
  2927 | D:4      | Found a shimmering blue altar of Sif Muna.
  3322 | D:4      | Noticed an ice beast
  3343 | D:4      | Killed an ice beast
  3344 | D:4      | Reached skill level 7 in Long Blades
  3344 | D:4      | Reached XP level 7. HP: 8/56 MP: 15/15
  3523 | D:4      | Found Qoadus's Distillery.
  3549 | D:4      | Bought 2 potions of heal wounds for 140 gold pieces
  3555 | D:4      | Identified the +0 helmet "Ogudwew" {rC+}
  3555 | D:4      | Noticed Robin
  3566 | D:4      | Killed Robin
  3663 | D:4      | Found an ornate altar of the Wu Jian Council.
  3790 | D:5      | Entered Level 5 of the Dungeon
  4140 | D:5      | Identified the +12 whip of the Spider {flame, Will+}
  4201 | D:5      | Reached XP level 8. HP: 20/52 MP: 16/16
  4899 | D:5      | Found a staircase to the Ecumenical Temple.
  4940 | Temple   | Entered the Ecumenical Temple
  4946 | Temple   | Became a worshipper of Cheibriados the Contemplative
  5509 | D:6      | Reached XP level 9. HP: 66/69 MP: 18/18
  5668 | D:6      | Found a blossoming altar of Fedhas.
  5702 | D:6      | Found a radiant altar of Vehumet.
  6135 | D:6      | Reached * piety under Cheibriados
  6136 | D:6      | Reached skill level 8 in Long Blades
  6350 | D:6      | Found Noqeu's Hallowed Reliquary.
  6357 | D:6      | Noticed an angel
  6361 | D:6      | Bought a potion of heal wounds for 60 gold pieces
  6361 | D:6      | Bought 2 potions of curing for 72 gold pieces
  6361 | D:6      | Bought a potion of curing for 36 gold pieces
  6619 | D:6      | Reached skill level 5 in Invocations
  6914 | D:7      | Found a transporter.
  6919 | D:7      | Noticed bchevrier's ghost (novice GnWn)
  6942 | D:7      | Reached ** piety under Cheibriados
  6955 | D:7      | Reached skill level 5 in Short Blades
  6955 | D:7      | Reached skill level 5 in Axes
  6955 | D:7      | Reached skill level 5 in Maces & Flails
  6955 | D:7      | Reached skill level 5 in Polearms
  6955 | D:7      | Reached skill level 5 in Staves
  6955 | D:7      | Reached skill level 5 in Ranged Weapons
  6955 | D:7      | Reached skill level 5 in Throwing
  6955 | D:7      | Reached skill level 5 in Armour
  6955 | D:7      | Reached skill level 5 in Stealth
  6955 | D:7      | Reached skill level 5 in Shields
  6955 | D:7      | Reached skill level 5 in Unarmed Combat
  6955 | D:7      | Reached skill level 5 in Evocations
  6958 | D:7      | Reached XP level 10. HP: 45/77 MP: 2/20
  7162 | D:7      | HP: 2/68 [wight/+3 hand axe of freezing (10)]
  7162 | D:7      | Slain by a wight

Illustrated notes

Levels and vault maps discovered:
D:1:      ncdulo_smallfort, layout_rooms, amcnicky_mini_rare_corridor_liquid,
          kennysheep_doodads
D:2:      layout_loops_ring, ebering_ecumenical_altar_box,
          kennysheep_generic_room_5
D:3:      layout_loops_ring, st_stairs_2
D:4:      layout_gridville, general_overflow_altar, tgw_sif, serial_shops, shop,
          grunt_decor_clamped, uniq_robin
D:5:      kennysheep_windowed_halls, layout_basic, minmay_temple_entry_junction,
          serial_bayou_ford_a, minivault_1, hangedman_decor_growths,
          kennysheep_generic_room_8
D:6:      layout_loops_corners, jmf_multi_god_temple, nicolae_good_shop
D:7:      layout_rooms, elyvilon_altar_1, gammafunk_ghost_stat_death
Temple:   nicolae_temple_x_marks_the_god

Skill      XL: |  1  2  3  4  5  6  7  8  9 |
---------------+----------------------------+-----
Spellcasting   | 5 6 7 |  7.2
Invocations    | 1 2 3 4 5 |  5.5
Short Blades   | 1 2 3 5 |  5.0
Axes           | 1 2 3 5 |  5.0
Maces & Flails | 1 2 3 5 |  5.0
Polearms       | 1 2 3 5 |  5.0
Staves         | 1 2 3 5 |  5.0
Ranged Weapons | 1 2 3 5 |  5.0
Throwing       | 1 2 3 5 |  5.0
Armour         | 1 2 3 5 |  5.0
Stealth        | 1 2 3 5 |  5.0
Shields        | 1 2 3 5 |  5.0
Unarmed Combat | 1 2 3 5 |  5.0
Evocations     | 1 2 3 5 |  5.0
Hexes          | 1 2 3 4 |  4.1
Summonings     | 1 2 3 4 |  4.1
Necromancy     | 1 2 3 4 |  4.1
Translocations | 1 2 3 4 |  4.1
Transmutations | 1 2 3 4 |  4.1
Fire Magic     | 1 2 3 4 |  4.1
Ice Magic      | 1 2 3 4 |  4.1
Air Magic      | 1 2 3 4 |  4.1
Earth Magic    | 1 2 3 4 |  4.1
Poison Magic   | 1 2 3 4 |  4.1
Fighting       | 5 6 |  6.9
Dodging        | 5 6 |  6.9
Long Blades    | 7 8 |  8.3
Conjurations   | 6 |  6.9

Action                     |  1- 3 |  4- 6 |  7- 9 | 10-12 || total
---------------------------+-------+-------+-------+-------++-------
  Melee: Falchion          |   122 |   282 |    91 |       ||   495
         Bite              |     8 |    29 |    25 |       ||    62
         Punch             |     1 |     3 |     8 |     1 ||    13
         Whip              |       |       |   152 |       ||   152
         Morningstar       |       |       |    20 |     9 ||    29
   Cast: Kiss of Death     |     1 |     1 |     4 |       ||     6
         Hailstorm         |       |     7 |     9 |     1 ||    17
    Use: Scroll            |     5 |     3 |     7 |       ||    15
         Potion            |       |       |     4 |       ||     4
   Stab: Sleeping          |       |     1 |     8 |       ||     9
 Armour: Leather armour    |    30 |   130 |   101 |     2 ||   263
  Dodge: Dodged            |    86 |   211 |   191 |    12 ||   500

Table legend: (Time is in decaauts)
 A = Elapsed time spent in this place.
 B = Non-inter-level travel time spent in this place.
 C = Inter-level travel time spent in this place.
 D = Time resting spent in this place.
 E = Time spent auto-exploring this place.
 F = Levels seen in this place.
 G = Mean time per level.
                   A        B        C        D        E       F      G
               +--------+--------+--------+--------+--------+-----+--------+
         Total |   7654 |   7388 |    266 |    208 |   5739 |   8 |  956.8 |
       Dungeon |   7640 |   7388 |    252 |    208 |   5739 |   7 | 1091.4 |
        Temple |     14 |      1 |     13 |      0 |      0 |   1 |   14.0 |
               +--------+--------+--------+--------+--------+-----+--------+

Top non-repeatable levels by time:
     D:5: 1830 daAuts
     D:6: 1648 daAuts
     D:4: 1215 daAuts
     D:3: 992 daAuts
     D:2: 977 daAuts
     D:1: 588 daAuts
     D:7: 388 daAuts
  Temple: 14 daAuts
